 Dungeon Crawl Stone Soup version 0.24-a0-29-g43a6aff (webtiles) character file.

Game seed: 5615526627000908201

545713 Blackhawk the Hoplite (level 26, -1/184 HPs)
             Began as a Gargoyle Gladiator on Feb 2, 2019.
             Was the Champion of Okawaru.
             Slain by a purple draconian
             ... wielding a +4 trident of flaming
              (7 damage)
             ... on level 2 of the Realm of Zot.
             The game lasted 02:47:17 (66793 turns).

Blackhawk the Hoplite (Gargoyle Gladiator)         Turns: 66793, Time: 02:47:17

Health: -1/184     AC: 48    Str: 41    XL:     26   Next: 14%
Magic:  37/37      EV: 19    Int: 17    God:    Okawaru [******]
Gold:   4737       SH: 39    Dex: 14    Spells: 25/25 levels left

rFire    + + .     SeeInvis +   K - +7 eveningstar of Erhatente {holy, rF- rN+ MR++}
rCold    . . .     Gourm    .   V - +7 large shield {reflect}
rNeg     + + .     Faith    .   M - +5 fire dragon scales "Lehet" {rF++ rC- MR+ rCorr MP+9 Int+3}
rPois    ∞         Spirit   .   L - +1 hat of Sloth {rPois Str+6}
rElec    +         Reflect  +   B - scarf {rC+ rF+}
rCorr    +         Harm     .   b - +2 pair of gloves of Plog {rElec MR+ Str+8 Int-2}
MR       +++++                  R - +1 pair of boots {Fly}
Stlth    ..........             E - amulet of Nesyph {Reflect rElec Str+3 SH+3 Stlth-}
HPRegen  0.40/turn              S - ring of see invisible
MPRegen  0.25/turn              m - ring of Sunlight {Str+2 Int+4 Stlth-}

@: flying
A: big wings, negative energy resistance 1, electricity resistance, weak 1,
unbreathing, petrification resistance, rot immunity, AC +20
}: 3/15 runes: decaying, silver, gossamer
a: Stop Flying, Heroism, Finesse, Renounce Religion


You were on level 2 of the Realm of Zot.
You worshipped Okawaru.
Okawaru was exalted by your worship.
You were not hungry.

You visited 10 branches of the dungeon, and saw 47 of its levels.
You visited 1 bazaar.
You also visited: Bailey and Ice Cave.

You collected 6007 gold pieces.
You spent 1270 gold pieces at shops.

Inventory:

Hand Weapons
 K - the +7 eveningstar of Erhatente (weapon) {holy, rF- rN+ MR++}
   (Okawaru gifted it to you on level 10 of the Dungeon)

   It has been blessed by the Shining One to cause great damage to the undead
   and demons.
   It makes you vulnerable to fire.
   It protects you from negative energy.
   It affects your resistance to hostile enchantments.
Missiles
 d - 15 throwing nets
 j - 46 tomahawks (quivered)
Armour
 b - the +2 pair of gloves of Plog (worn) {rElec MR+ Str+8 Int-2}
   (Okawaru gifted it to you on level 4 of the Vaults)

   It affects your strength (+8).
   It affects your intelligence (-2).
   It insulates you from electricity.
   It affects your resistance to hostile enchantments.
 B - a scarf of resistance (worn)
 L - the +1 hat of Sloth (worn) {rPois Str+6}
   (You found it in an ice cave)

   It affects your strength (+6).
   It protects you from poison.
 M - the +5 fire dragon scales "Lehet" (worn) {rF++ rC- MR+ rCorr MP+9 Int+3}
   (Okawaru gifted it to you in an ice cave)

   It affects your intelligence (+3).
   It greatly protects you from fire.
   It makes you vulnerable to cold.
   It affects your resistance to hostile enchantments.
   It affects your magic capacity (+9).
   It provides partial protection from all sources of acid and corrosion.
 R - a +1 pair of boots of flying (worn)
 V - a +7 large shield of reflection (worn)
Jewellery
 m - the ring of Sunlight (right hand) {Str+2 Int+4 Stlth-}
   (You found it on level 12 of the Dungeon)

   [ring of attention]

   It affects your strength (+2).
   It affects your intelligence (+4).
   It makes you less stealthy.
 E - the amulet of Nesyph (around neck) {Reflect rElec Str+3 SH+3 Stlth-}
   (You acquired it on level 2 of the Spider Nest)

   [amulet of reflection]

   It shields you and reflects attacks.
   It affects your strength (+3).
   It insulates you from electricity.
   It affects your SH (+3).
   It makes you less stealthy.
 G - an uncursed ring of protection from magic
 S - a ring of see invisible (left hand)
 Y - an uncursed ring of poison resistance {unknown}
Wands
 c - a wand of clouds (3)
 e - a wand of digging (19)
 v - a wand of polymorph (43)
 x - a wand of flame (60)
 z - a wand of enslavement (16)
 A - a wand of paralysis (33)
 J - a wand of acid (53)
 O - a wand of iceblast (15)
 P - a wand of disintegration (25)
Scrolls
 a - 6 scrolls of fog
 g - 4 scrolls of identify
 h - 2 scrolls of silence
 q - 13 scrolls of magic mapping
 t - 7 scrolls of teleportation
 w - 25 scrolls of remove curse
 y - 6 scrolls of fear
 H - 6 scrolls of enchant weapon
 Q - 6 scrolls of blinking
 U - 3 scrolls of brand weapon
 Z - 2 scrolls of holy word
Potions
 i - 2 potions of invisibility
 n - 4 potions of might
 o - 4 potions of agility
 p - 29 potions of curing
 r - 5 potions of berserk rage
 u - 4 potions of resistance
 D - 10 potions of haste
 F - 3 potions of heal wounds
 I - 5 potions of mutation
 T - 2 potions of magic
 X - 4 potions of cancellation
Miscellaneous
 k - a phial of floods
 l - a box of beasts
 s - 2 sacks of spiders
 N - a lamp of fire
 W - a phantom mirror
Comestibles
 f - 74 rations
 C - 5 chunks of flesh


   Skills:
 + Level 24.1 Fighting
   Level 6.7(11.5) Axes
 - Level 15.4(16.0) Maces & Flails
 - Level 1.9 Throwing
 + Level 20.7 Armour
 + Level 13.0 Dodging
 - Level 25.0 Shields
 - Level 7.0 Invocations


You had 25 spell levels left.
You didn't know any spells.
Your spell library contained the following spells:

 Spells                   Type           Power        Failure   Level  Hunger
 Animate Skeleton         Necr           N/A          34%         1    ##.....
 Confusing Touch          Hex            #.....       34%         1    ##.....
 Corona                   Hex            #......      34%         1    ##.....
 Freeze                   Ice            #...         34%         1    ##.....
 Infusion                 Chrm           #...         34%         1    ##.....
 Magic Dart               Conj           #...         34%         1    ##.....
 Pain                     Necr           #...         34%         1    ##.....
 Summon Small Mammal      Summ           #...         34%         1    ##.....
 Blink                    Tloc           N/A          45%         2    ###....
 Call Imp                 Summ           #.......     45%         2    ###....
 Ensorcelled Hibernation  Hex/Ice        #.....       45%         2    ###....
 Shroud of Golubria       Chrm/Tloc      #.........   45%         2    ###....
 Slow                     Hex            #.......     45%         2    ###....
 Song of Slaying          Chrm           #.......     45%         2    ###....
 Sticks to Snakes         Tmut           #.......     45%         2    ###....
 Throw Frost              Conj/Ice       #.....       45%         2    ###....
 Call Canine Familiar     Summ           #.......     71%         3    ####...
 Confuse                  Hex            #.......     71%         3    ####...
 Conjure Flame            Conj/Fire      #.......     71%         3    ####...
 Dazzling Spray           Conj/Hex       #.....       71%         3    ####...
 Gell's Gravitas          Tloc           #.........   71%         3    ####...
 Ignite Poison            Fire/Tmut/Pois #.......     71%         3    ####...
 Mephitic Cloud           Conj/Pois/Air  #.......     71%         3    ####...
 Ozocubu's Armour         Chrm/Ice       #.......     71%         3    ####...
 Regeneration             Chrm/Necr      #.........   71%         3    ####...
 Spectral Weapon          Hex/Chrm       #.......     71%         3    ####...
 Static Discharge         Conj/Air       #.......     71%         3    ####...
 Summon Guardian Golem    Hex/Summ       #.......     71%         3    ####...
 Tukima's Dance           Hex            #.......     71%         3    ####...
 Vampiric Draining        Necr           #.........   71%         3    ####...
 Animate Dead             Necr           N/A          98%         4    #####..
 Cause Fear               Hex            #.........   98%         4    #####..
 Fulminant Prism          Conj/Hex       #.........   98%         4    #####..
 Ice Form                 Ice/Tmut       #.......     98%         4    #####..
 Leda's Liquefaction      Hex/Erth       #.........   98%         4    #####..
 Petrify                  Tmut/Erth      #.......     98%         4    #####..
 Summon Ice Beast         Ice/Summ       #.......     98%         4    #####..
 Summon Lightning Spire   Summ/Air       #.......     98%         4    #####..
 Throw Icicle             Conj/Ice       #.......     98%         4    #####..
 Alistair's Intoxication  Tmut/Pois      #.......     100%        5    ######.
 Bolt of Draining         Conj/Necr      #.........   100%        5    ######.
 Bolt of Magma            Conj/Fire/Erth #.........   100%        5    ######.
 Borgnjor's Vile Clutch   Necr/Erth      #.........   100%        5    ######.
 Excruciating Wounds      Chrm/Necr      #.........   100%        5    ######.
 Irradiate                Conj/Tmut      #.........   100%        5    ######.
 Lightning Bolt           Conj/Air       #.........   100%        5    ######.
 Metabolic Englaciation   Hex/Ice        #.........   100%        5    ######.
 Silence                  Hex/Air        #.........   100%        5    ######.
 Yara's Violent Unravell  Hex/Tmut       #.........   100%        5    ######.
 Darkness                 Hex            #.........   100%        6    #######
 Deflect Missiles         Chrm/Air       #.........   100%        6    #######
 Iron Shot                Conj/Erth      #.........   100%        6    #######
 Shadow Creatures         Summ           N/A          100%        6    #######
 Simulacrum               Ice/Necr       #.........   100%        6    #######
 Discord                  Hex            #.........   100%        8    #######
 Ignition                 Fire           #.........   100%        8    #######
 Shatter                  Erth           #.........   100%        9    #######
 Tornado                  Air            #.........   100%        9    #######
 Sublimation of Blood     Necr           Unusable     N/A         2    N/A
 Statue Form              Tmut/Erth      Unusable     N/A         6    N/A

Dungeon Overview and Level Annotations

Branches:
Dungeon (15/15)            Temple (1/1) D:4            Lair (6/6) D:8
  Swamp (4/4) Lair:4       Spider (4/4) Lair:3        Slime (0/5) Lair:5
    Orc (2/2) D:11            Elf (3/3) Orc:2        Vaults (5/5) D:13
  Crypt (0/3) Vaults:2     Depths (5/5) D:15            Zot (2/5) Depths:5

Altars:
Ashenzari
Cheibriados
Dithmenos
Elyvilon
Fedhas
Gozag
Hepliaklqana
Kikubaaqudgha
Makhleb
Nemelex Xobeh
Okawaru
Qazlal
Ru
Sif Muna
Trog
Uskayaw
Vehumet
Wu Jian
Xom
Yredelemnul
Zin
The Shining One
Jiyva

Shops:
D:6 ?   D:7 !   D:8 **   D:11 [   Orc:1 !   Orc:2 [[=(   Elf:2 (=}=   Elf:3 ?
Vaults:1 ?   Zot:1 *

Portals:
Hell: Depths:1 Depths:2 Depths:3 Depths:4 Depths:5
Abyss: Depths:1 Depths:4
Pandemonium: Depths:3 Depths:4
Ziggurat: Depths:2

Annotations:
D:4 3 runed translucent doors, Violenta's ghost, amateur DrFE
D:11 1 runed translucent door, RedSky's ghost, journeyman DrTm
Lair:5 3 runed translucent doors, Couthrij's ghost, journeyman HOFi
Swamp:1 1 runed translucent door, Apuz's ghost, journeyman GrVM
Swamp:2 3 runed translucent doors, Nothus's ghost, journeyman DrCj; Qyinlus's ghost, journeyman FeBe
Swamp:4 exclusion: Roxanne, Roxanne
Spider:4 2 exclusions
Elf:2 3 runed translucent doors
Depths:1 Boris


Innate Abilities, Weirdness & Mutations

You are resistant to torment.
Your stone body is resilient. (AC +20)
You are immune to poison.
Your large and strong wings let you fly indefinitely.
You resist negative energy. (rN+)
You are resistant to electric shocks. (rElec)
You can survive without breathing.
You are immune to petrification.
You are immune to rotting.
You are weak. (Str -2)


Message History

The storm dragon claws you but does no damage.
You block the storm dragon's attack.
The green draconian knight hits you but does no damage.
You block the green draconian knight's attack.
The purple draconian hits you with a +0 hand axe.
* * * LOW HITPOINT WARNING * * *
You hit the green draconian knight but do no damage.
The green draconian knight is severely wounded.
The green draconian knight gestures at you while chanting.
The bolt of cold hits you!!
* * * LOW HITPOINT WARNING * * *
The green draconian shifter blinks!
You block the red draconian's attack.
You block the storm dragon's attack. x2; The storm dragon barely misses you.
You block the green draconian knight's attack.
The green draconian knight tail-slaps you but does no damage.
The green draconian knight points at you and mumbles some strange words.
The shard of ice hits you!!
* * * LOW HITPOINT WARNING * * *
The purple draconian hits you from afar with a +4 trident of flaming!
You die...

# . ..# #.
#..# #.
#..# #.#
#..#
#..#####..#
#....#D...#
#.○..@d.q#
#.§.dqqd.##
#.##...#.)#
#..
######.# #.
.# #. dd .
... .. ....
.#..#


You could see 2 draconians, a storm dragon, 2 draconians, a red draconian and a
green draconian shifter.

Vanquished Creatures
  Sojobo (Depths:4)
  Boris (Vaults:4)
  Saint Roka (Depths:4)
  4 caustic shrikes (Depths:4)
  3 golden dragons
  2 bone dragons
  Arachne (Spider:2)
  An electric golem (Depths:5)
  8 tentacled monstrosities
  A titan (Vaults:5)
  Asterion (Spider:3)
  A deep elf blademaster (Elf:3)
  4 liches
  3 quicksilver dragons
  A death cob (Depths:5)
  2 ancient champions (Vaults:2)
  Gastronok (Lair:3)
  6 shadow dragons
  3 sphinxes
  6 storm dragons
  Kirke (Elf:1)
  4 thorn hunters
  7 tengu reavers
  5 fire giants
  4 draconian knights (Depths:5)
  4 ghost moths
  9 deep elf sorcerers
  3 frost giants
  2 iron dragons
  4 emperor scorpions
  20 vault wardens
  2 draconian scorchers (Depths:5)
  A balrug (Depths:3)
  10 ironheart preservers
  A reaper (IceCv)
  3 draconian shifters (Depths:5)
  11 deep elf elementalists
  2 draconian stormcallers
  13 stone giants
  2 draconian annihilators
  16 very ugly things
  4 spriggan defenders
  3 war gargoyles
  Azrael (Spider:3)
  2 entropy weavers
  2 red draconians (Depths:5)
  4 black draconians
  7 green draconians
  9 deep elf annihilators
  2 lorocyprocas (Depths:1)
  2 purple draconians
  6 deep elf demonologists
  A dire elephant (D:15)
  4 white draconians
  2 yellow draconians
  8 spark wasps
  8 deep elf death magi
  7 fire dragons
  8 ettins
  4 great orbs of eyes
  10 yaktaur captains
  2 deep elf high priests (Elf:3)
  Erolcha (Orc:2)
  A rakshasa (Vaults:1)
  A monstrous demonspawn (Depths:4)
  13 hydras
  35 vault guards
  9 ice dragons
  A spriggan air mage (Depths:5)
  2 ghost crabs
  A hell beast (Depths:4)
  Harold (Lair:1)
  16 ogre magi
  10 centaur warriors
  3 shambling mangroves
  A death knight (D:15)
  11 dancing weapons
  48 two-headed ogres
  17 alligators
  A death yak (Lair:5)
  3 vampire magi
  3 deep troll shamans
  5 tengu warriors
  7 deep troll earth magi
  2 orc high priests
  6 spriggan berserkers
  9 deep elf knights
  A small abomination (Vaults:2)
  15 hell knights
  8 skeletal warriors
  A gelid demonspawn (Depths:4)
  2 shadow wraiths
  6 unseen horrors
  24 deep trolls
  3 flayed ghosts
  2 glowing orange brains
  A death drake (Swamp:4)
  A lindwurm (Lair:6)
  3 swamp dragons
  4 spectral hydras (Swamp:4)
  4 spriggan druids (Swamp:4)
  2 wizards (Vaults:3)
  12 deep elf archers
  A torturous demonspawn (Depths:4)
  2 large abominations (Elf:1)
  18 ironbrand convokers
  4 harpies (Vaults:1)
  7 necromancers
  12 orc knights
  5 phantasmal warriors
  57 deep elf magi
  3 orc sorcerers
  26 wolf spiders
  18 orb spiders
  7 cyclopes
  A cyclops (shapeshifter) (Vaults:4)
  4 manticores
  40 ugly things
  An elephant (shapeshifter) (Vaults:4)
  A salamander (Depths:5)
  8 centaur zombies
  12 moths of wrath
  2 ice statues (IceCv)
  15 vault sentinels
  18 spiny frogs
  11 elephants
  2 torpor snails
  2 molten gargoyles (Lair:6)
  9 black mambas
  2 orange demons (Depths:3)
  A spiny frog (shapeshifter) (Depths:5)
  A gargoyle (D:11)
  A swamp worm zombie (Swamp:4)
  An eye of devastation (shapeshifter) (Depths:1)
  28 yaktaurs
  8 ice devils (IceCv)
  3 rime drakes
  A kobold demonologist (Depths:1)
  A rime drake (shapeshifter) (Vaults:4)
  4 freezing wraiths
  12 demonic crawlers
  10 komodo dragons
  An efreet (D:15)
  A komodo dragon (shapeshifter) (Vaults:5)
  9 meliai
  A hellwing (Depths:4)
  A red devil (Depths:3)
  2 queen bees
  12 trolls
  2 hornets (shapeshifter)
  A polar bear (Lair:5)
  A wolf spider simulacrum (D:15)
  36 jumping spiders
  3 hydra zombies (Swamp:4)
  A sphinx simulacrum (Vaults:1)
  30 hornets
  14 tyrant leeches
  33 slime creatures
  A polar bear (shapeshifter) (Elf:1)
  A raiju (shapeshifter) (D:14)
  Prince Ribbit (D:5)
  8 bog bodies
  A hippogriff (shapeshifter) (Depths:2)
  2 spectral swamp dragons (Swamp:4)
  21 blink frogs
  A blink frog (shapeshifter) (Vaults:2)
  A dream sheep (shapeshifter) (Vaults:5)
  4 alligator zombies (Swamp:4)
  10 hippogriffs
  71 redbacks
  5 wraiths (D:15)
  33 tarantellas
  15 spriggans
  2 air elementals (Elf:3)
  5 shadows
  6 wyverns
  A spriggan (shapeshifter) (Vaults:5)
  9 water elementals
  9 humans (D:13)
  47 yaks
  7 fire elementals
  4 basilisks
  A chaos spawn (Depths:3)
  23 vampire mosquitoes
  Grum (D:8)
  A hog (Elf:1)
  Eustachio (D:4)
  A steam dragon (Lair:6)
  4 hungry ghosts
  A human simulacrum (Vaults:3)
  6 wargs
  21 swamp worms
  10 insubstantial wisps
  2 soldier ants
  An acid dragon (Vaults:1)
  10 water moccasins
  10 hell hounds
  2 porcupines
  2 floating eyes (Elf:1)
  A necrophage (D:10)
  41 orc warriors
  4 ice beasts
  4 sky beasts
  A black bear (shapeshifter) (Vaults:3)
  A black bear (D:10)
  4 swamp dragon zombies (Swamp:4)
  12 swamp drakes
  9 phantoms
  15 boggarts
  2 eyes of draining
  55 ogres
  21 wolves
  34 centaurs
  11 crocodiles
  3 big kobolds
  2 elf zombies (Elf:1)
  3 wyvern zombies
  A bullfrog (shapeshifter) (Vaults:5)
  19 bullfrogs
  3 gnoll sergeants (D:8)
  A glowing shapeshifter simulacrum (Vaults:3)
  An earth elemental (Elf:1)
  7 scorpions
  A water moccasin skeleton (D:10)
  73 killer bees
  4 electric eels
  12 howler monkeys
  16 wights
  5 lava snakes (Lair:6)
  13 crimson imps
  A quasit (D:12)
  An iron imp (Orc:1)
  14 orc priests
  5 bullfrog skeletons
  14 hounds
  6 bullfrog zombies
  4 gnoll shamans
  4 jellies
  16 orc wizards
  2 centaur skeletons
  3 iguanas
  Natasha (thrice) (D:4)
  A spectral swamp drake (Swamp:4)
  15 worker ants
  2 hound skeletons (D:9)
  A howler monkey skeleton (D:6)
  15 adders
  35 gnolls
  A swamp drake zombie (Swamp:4)
  A hound simulacrum (D:11)
  10 shadow imps
  23 white imps
  9 ufetubi (IceCv)
  An ooze (D:2)
  A worm (D:2)
  2 dart slugs
  3 leopard geckos
  93 orcs
  10 bats
  5 giant cockroaches
  18 goblins
  3 hobgoblins
  24 jackals
  19 kobolds
  3 quokkas
  7 frilled lizards
  A jackal skeleton (D:6)
  A quokka skeleton (D:7)
  A rat (shapeshifter) (Depths:5)
  9 rats
2202 creatures vanquished.

Vanquished Creatures (others)
  A fire giant (Vaults:5)
  A vault warden (Vaults:1)
  5 stone giants
  An ironheart preserver (Vaults:5)
  A merfolk javelineer (Depths:3)
  3 yaktaur captains
  A vault guard (D:13)
  A centaur warrior (Vaults:4)
  2 deep elf knights
  An unseen horror (Vaults:1)
  2 deep elf archers
  3 deep elf magi
  2 cyclopes
  A vault sentinel (Vaults:2)
  10 yaktaurs
  A tyrant leech (Swamp:1)
  4 humans
  4 orc warriors
  2 boggarts (Depths:4)
  8 centaurs
  3 ogres
  An orc priest (Depths:4)
  An orc wizard (Depths:4)
  2 white imps (IceCv)
  An ufetubus (IceCv)
  7 orcs
  A kobold (D:14)
  12 fungi
  9 plants
  5 toadstools (Depths:1)
  2 withered plants (Swamp:2)
98 creatures vanquished.

Grand Total: 2300 creatures vanquished

Notes
Turn   | Place    | Note
-------+----------+-------------------------------------------
     0 | D:1      | Blackhawk the Gargoyle Gladiator began the quest for the
                  | Orb.
     0 | D:1      | Reached XP level 1. HP: 12/12 MP: 1/1
   159 | D:1      | Reached XP level 2. HP: 11/18 MP: 2/2
   964 | D:2      | Reached XP level 3. HP: 19/22 MP: 3/3
  1438 | D:2      | Reached XP level 4. HP: 18/28 MP: 4/4
  2376 | D:3      | Noticed a centaur
  2384 | D:3      | HP: 1/28 [centaur (2)]
  2385 | D:3      | Killed a centaur
  2385 | D:3      | Reached XP level 5. HP: 1/33 MP: 5/5
  2935 | D:3      | Reached XP level 6. HP: 34/38 MP: 6/6
  3910 | D:4      | Found a runed translucent gate.
  3910 | D:4      | Found a runed translucent gate.
  3910 | D:4      | Found a runed translucent gate.
  3913 | D:4      | Noticed Violenta's ghost (amateur DrFE)
  3986 | D:4      | Noticed Natasha
  3996 | D:4      | Killed Natasha
  3996 | D:4      | Reached skill level 5 in Maces & Flails
  3996 | D:4      | Reached XP level 7. HP: 35/44 MP: 7/7
  4037 | D:4      | Noticed Natasha
  4045 | D:4      | Killed Natasha
  4045 | D:4      | Reached skill level 5 in Fighting
  4141 | D:4      | Noticed Natasha
  4272 | D:4      | Killed Natasha
  4299 | D:4      | Found a shimmering altar of Xom.
  4373 | D:4      | Found a glowing golden altar of the Shining One.
  4620 | D:4      | Found a shadowy altar of Dithmenos.
  4764 | D:4      | Found a staircase to the Ecumenical Temple.
  4780 | D:4      | Noticed Eustachio
  4789 | Temple   | Entered the Ecumenical Temple
  4874 | Temple   | Became a worshipper of Warmaster Okawaru
  5191 | D:4      | Killed Eustachio
  5191 | D:4      | Reached XP level 8. HP: 50/51 MP: 8/8
  5342 | D:5      | Entered Level 5 of the Dungeon
  5575 | D:4      | Reached skill level 5 in Dodging
  5667 | D:5      | Found a radiant altar of Vehumet.
  5668 | D:5      | Found a bloodstained altar of Trog.
  5668 | D:5      | Found a shattered altar of Ashenzari.
  5768 | D:5      | Noticed Prince Ribbit
  5781 | D:5      | Killed Prince Ribbit
  5781 | D:5      | Reached * piety under Okawaru
  6008 | D:5      | Found a burning altar of Makhleb.
  6364 | D:6      | Reached XP level 9. HP: 32/57 MP: 9/9
  6617 | D:6      | Found Huomeash's Magic Scroll Boutique.
  6622 | D:6      | Bought a scroll of identify for 30 gold pieces
  6629 | D:6      | Found a blossoming altar of Fedhas.
  6923 | D:6      | Found a snail-covered altar of Cheibriados.
  7132 | D:7      | Reached skill level 1 in Armour
  7185 | D:7      | Reached ** piety under Okawaru
  7284 | D:7      | Found Ymiodwak's Distillery.
  7650 | D:7      | Found a deep blue altar of Sif Muna.
  8305 | D:8      | Reached *** piety under Okawaru
  8370 | D:8      | Reached XP level 10. HP: 65/65 MP: 10/10
  8381 | D:8      | Found Vus Ukhu's General Store.
  8956 | D:8      | Found a staircase to the Lair.
  9162 | D:8      | Noticed Grum
  9170 | D:8      | Killed Grum
  9277 | D:8      | Found Hefih's General Store.
  9715 | D:8      | Found an opulent altar of Gozag.
  9831 | D:8      | Reached **** piety under Okawaru
  9930 | D:8      | Reached skill level 1 in Shields
 10002 | D:9      | Reached skill level 5 in Armour
 10202 | D:9      | Reached skill level 2 in Shields
 10435 | D:9      | Received a gift from Okawaru
 10472 | D:9      | Found a flagged portal.
 10523 | Bailey   | Entered a bailey
 10759 | Bailey   | Reached skill level 3 in Shields
 10762 | Bailey   | Received a gift from Okawaru
 11022 | Bailey   | Reached XP level 11. HP: 44/72 MP: 11/11
 11194 | Bailey   | Reached skill level 10 in Fighting
 11369 | Bailey   | Reached skill level 1 in Axes
 11645 | Bailey   | Reached skill level 4 in Shields
 11957 | D:9      | Got a bone halberd
 12121 | D:9      | Identified the +7 halberd "Diehef" {elec, *Drain rPois rN++
                  | MR+} (You found it on level 9 of the Dungeon)
 12165 | D:10     | Entered Level 10 of the Dungeon
 12221 | D:10     | Reached ***** piety under Okawaru
 12494 | D:10     | Reached skill level 1 in Invocations
 12585 | D:10     | Received a gift from Okawaru
 12591 | D:10     | Reached skill level 5 in Shields
 12600 | D:10     | Got a dazzling eveningstar {god gift}
 12736 | D:10     | Identified the +7 eveningstar of Erhatente {holy, rF- rN+
                  | MR++} (Okawaru gifted it to you on level 10 of the Dungeon)
 12757 | D:10     | Noticed a two-headed ogre
 12769 | D:10     | Killed a two-headed ogre
 13027 | D:10     | Killed an unseen horror
 13305 | D:10     | Reached skill level 6 in Shields
 13767 | Lair:1   | Entered Level 1 of the Lair of Beasts
 13828 | Lair:1   | Noticed Harold
 13840 | Lair:1   | Killed Harold
 14443 | Lair:2   | Found a frozen archway.
 14613 | IceCv    | Entered an ice cave
 14642 | IceCv    | Reached skill level 5 in Axes
 14642 | IceCv    | Reached skill level 7 in Shields
 14642 | IceCv    | Reached XP level 12. HP: 32/79 MP: 14/14
 15382 | IceCv    | Got a steaming hat
 15540 | IceCv    | Identified the +1 hat of Sloth {rPois Str+6} (You found it
                  | in an ice cave)
 15596 | IceCv    | Received a gift from Okawaru
 15615 | IceCv    | Got dazzling fire dragon scales {god gift}
 15942 | IceCv    | Noticed a reaper
 15958 | IceCv    | Killed a reaper
 15958 | IceCv    | Reached skill level 8 in Shields
 16404 | IceCv    | Identified the +5 fire dragon scales "Lehet" {rF++ rC- MR+
                  | rCorr MP+9 Int+3} (Okawaru gifted it to you in an ice cave)
 16566 | Lair:2   | Got a bloodstained glaive
 17112 | Lair:2   | Reached skill level 5 in Invocations
 17539 | Lair:2   | Noticed a fire dragon
 17553 | Lair:2   | Killed a fire dragon
 17553 | Lair:2   | Reached skill level 9 in Shields
 18013 | Lair:3   | Found a hole to the Spider Nest.
 18049 | Lair:3   | Noticed Gastronok
 18058 | Lair:3   | Killed Gastronok
 18058 | Lair:3   | Received a gift from Okawaru
 18058 | Lair:3   | Reached skill level 10 in Shields
 18201 | Lair:3   | Reached XP level 13. HP: 85/85 MP: 16/16
 18261 | Lair:3   | Received a gift from Okawaru
 18357 | Lair:3   | Reached skill level 11 in Shields
 18445 | Lair:3   | Reached skill level 10 in Maces & Flails
 19298 | Lair:4   | Got a faintly glowing trident
 19299 | Lair:4   | Identified the +5 trident of Joyful Slaughter {pain, rC-
                  | MR- Int+10} (You found it on level 4 of the Lair of Beasts)
 19300 | Lair:4   | Identified the +3 glaive "Xeeritewk" {venom, rC- rN+ Int+9}
                  | (You found it on level 2 of the Lair of Beasts)
 19336 | Lair:4   | Reached skill level 12 in Shields
 19615 | Lair:4   | Found a staircase to the Swamp.
 19825 | Lair:5   | Found a staircase to the Slime Pits.
 19846 | Lair:5   | Received a gift from Okawaru
 20014 | Lair:5   | Received a gift from Okawaru
 20363 | Lair:5   | Reached skill level 13 in Shields
 20592 | Lair:5   | Noticed a minotaur
 20594 | Lair:5   | Noticed Couthrij's ghost (journeyman HOFi)
 20612 | Lair:5   | Reached skill level 10 in Armour
 20653 | Lair:5   | Found a runed translucent gate.
 20815 | Lair:5   | Reached ****** piety under Okawaru
 20957 | Lair:5   | Found a runed translucent gate.
 20957 | Lair:5   | Found a runed translucent gate.
 21709 | Lair:5   | Gained mutation: Your large and strong wings let you fly
                  | indefinitely. [Gargoyle growth]
 21709 | Lair:5   | Reached XP level 14. HP: 92/92 MP: 17/17
 21813 | Lair:5   | Reached skill level 14 in Shields
 22505 | Lair:6   | Entered Level 6 of the Lair of Beasts
 23298 | Lair:6   | Received a gift from Okawaru
 23418 | Lair:6   | Noticed Nessos
 23426 | Lair:6   | Noticed Nessos
 23426 | Lair:6   | Nessos changed into Nessos the tarantella
 23437 | Lair:6   | Killed Nessos the tarantella
 23638 | Lair:6   | Found a large runed translucent door.
 23777 | Lair:6   | Found a large runed translucent door.
 24558 | D:11     | Reached skill level 15 in Shields
 24713 | D:11     | Found a staircase to the Orcish Mines.
 24742 | D:11     | Found Okher's Armour Boutique.
 24781 | D:11     | Bought a +0 large shield of reflection for 102 gold pieces
 25021 | D:11     | Found a runed translucent door.
 25021 | D:11     | Noticed RedSky's ghost (journeyman DrTm)
 25529 | D:12     | Got a coiled bone ring
 25639 | D:12     | Reached XP level 15. HP: 99/99 MP: 18/18
 25650 | D:12     | Reached XP level 16. HP: 101/104 MP: 19/19
 25806 | D:12     | Received a gift from Okawaru
 25906 | D:12     | Identified the ring of Sunlight {Str+2 Int+4 Stlth-} (You
                  | found it on level 12 of the Dungeon)
 26234 | D:13     | Found a gate to the Vaults.
 26910 | D:14     | Received a gift from Okawaru
 27046 | D:14     | Reached skill level 16 in Shields
 27086 | D:14     | Got a pair of jewelled gloves {god gift}
 27097 | D:14     | Identified the +1 pair of gloves of Ycauh {Regen+ Str-4
                  | Int+4} (Okawaru gifted it to you on level 14 of the
                  | Dungeon)
 27599 | D:15     | Entered Level 15 of the Dungeon
 28192 | D:15     | Found a staircase to the Depths.
 28629 | D:15     | Found a gateway to a bazaar.
 28654 | Bazaar   | Entered a bazaar
 28654 | Bazaar   | Found Ganunoup's Distillery.
 28654 | Bazaar   | Found Tudanec's Distillery.
 28658 | Bazaar   | Found Hos Mugg's Antique Armour Shoppe.
 28672 | Bazaar   | Found Kicworr's General Store.
 28680 | Bazaar   | Bought a scroll of teleportation for 48 gold pieces
 28684 | Bazaar   | Bought 2 potions of curing for 66 gold pieces
 28684 | Bazaar   | Bought a potion of curing for 33 gold pieces
 28684 | Bazaar   | Bought a potion of mutation for 88 gold pieces
 28684 | Bazaar   | Bought a potion of might for 44 gold pieces
 28684 | Bazaar   | Bought a potion of might for 44 gold pieces
 28684 | Bazaar   | Bought a potion of agility for 44 gold pieces
 28684 | Bazaar   | Bought a potion of might for 44 gold pieces
 28690 | Bazaar   | Bought a potion of curing for 21 gold pieces
 28690 | Bazaar   | Bought a potion of curing for 21 gold pieces
 28690 | Bazaar   | Bought a potion of curing for 21 gold pieces
 28690 | Bazaar   | Bought a potion of mutation for 56 gold pieces
 28690 | Bazaar   | Bought a potion of heal wounds for 35 gold pieces
 28690 | Bazaar   | Bought a potion of mutation for 56 gold pieces
 29025 | Swamp:1  | Entered Level 1 of the Swamp
 29051 | Swamp:1  | Found a runed translucent door.
 29053 | Swamp:1  | Identified the cursed +1 spear "Newt's Death Toll" {freeze,
                  | +Fly rElec rC+ rN++}
 29056 | Swamp:1  | Noticed Apuz's ghost (journeyman GrVM)
 29814 | Swamp:2  | Noticed a tentacled monstrosity
 29827 | Swamp:1  | Killed a tentacled monstrosity
 29827 | Swamp:1  | Received a gift from Okawaru
 29827 | Swamp:1  | Reached skill level 17 in Shields
 29881 | Swamp:2  | Reached XP level 17. HP: 112/112 MP: 20/20
 30617 | Swamp:2  | Found a runed translucent gate.
 30617 | Swamp:2  | Found a runed translucent gate.
 30617 | Swamp:2  | Found a runed translucent gate.
 30617 | Swamp:2  | Noticed Qyinlus's ghost (journeyman FeBe)
 30671 | Swamp:2  | Noticed Nothus's ghost (journeyman DrCj)
 31071 | Swamp:3  | Received a gift from Okawaru
 31074 | Swamp:3  | Got a transparent mace {god gift}
 31080 | Swamp:3  | Identified the +1 mace of Optimality {pain, Dex+4 Stlth+}
                  | (Okawaru gifted it to you on level 3 of the Swamp)
 31795 | Swamp:4  | Entered Level 4 of the Swamp
 31850 | Swamp:4  | Reached skill level 15 in Fighting
 31939 | Swamp:4  | Reached skill level 18 in Shields
 31943 | Swamp:4  | Received a gift from Okawaru
 32152 | Swamp:4  | Noticed Roxanne
 33062 | Swamp:4  | Received a gift from Okawaru
 33112 | Swamp:4  | Got a crystal dire flail {god gift}
 33120 | Swamp:4  | Identified the +5 dire flail of Execution {freeze, *Rage
                  | rElec rN++ Str+2} (Okawaru gifted it to you on level 4 of
                  | the Swamp)
 33190 | Swamp:4  | Reached XP level 18. HP: 108/119 MP: 21/21
 33276 | Swamp:4  | Noticed a bone dragon
 33293 | Swamp:4  | Killed a bone dragon
 33303 | Swamp:4  | Got a decaying rune of Zot
 33492 | Spider:1 | Entered Level 1 of the Spider Nest
 33776 | Spider:1 | Received a gift from Okawaru
 34319 | Spider:2 | Noticed Arachne
 34344 | Spider:2 | Killed Arachne
 34344 | Spider:2 | Reached skill level 15 in Maces & Flails
 34650 | Spider:2 | Reached skill level 19 in Shields
 34898 | Spider:2 | Identified a scroll of acquirement
 34904 | Spider:2 | Got a crude diamond amulet
 35239 | Spider:3 | Noticed Azrael
 35252 | Spider:3 | Killed Azrael
 35262 | Spider:3 | Received a gift from Okawaru
 35512 | Spider:3 | Noticed Asterion
 35530 | Spider:3 | Killed Asterion
 36119 | Spider:4 | Entered Level 4 of the Spider Nest
 36206 | Spider:3 | Received a gift from Okawaru
 36382 | Spider:3 | Reached XP level 19. HP: 63/125 MP: 1/24
 37527 | Spider:4 | Received a gift from Okawaru
 37723 | Spider:4 | Got a gossamer rune of Zot
 38298 | D:13     | Identified the amulet of Nesyph {Reflect rElec Str+3 SH+3
                  | Stlth-} (You acquired it on level 2 of the Spider Nest)
 38307 | Vaults:1 | Entered Level 1 of the Vaults
 38319 | Vaults:1 | Reached skill level 20 in Shields
 39104 | Vaults:1 | Received a gift from Okawaru
 39509 | Vaults:1 | Found Xeumaon's Magic Scroll Shoppe.
 39549 | Vaults:1 | Bought a scroll of teleportation for 45 gold pieces
 39821 | Vaults:1 | Reached skill level 21 in Shields
 40027 | Vaults:2 | Received a gift from Okawaru
 40318 | Vaults:2 | Reached XP level 20. HP: 134/134 MP: 25/25
 40331 | Vaults:2 | Received a gift from Okawaru
 40607 | Vaults:2 | Identified the +6 plate armour of Too Many Cooks {MR+}
 40945 | Vaults:2 | Reached skill level 22 in Shields
 41446 | Vaults:2 | Found a staircase to the Crypt.
 42653 | Vaults:3 | Received a gift from Okawaru
 43972 | Vaults:4 | Noticed Boris
 43980 | Vaults:4 | Killed Boris
 43980 | Vaults:4 | Reached skill level 23 in Shields
 43980 | Vaults:4 | Reached XP level 21. HP: 141/142 MP: 26/26
 44602 | Vaults:4 | Received a gift from Okawaru
 44629 | Vaults:4 | Got a pair of distressingly furry gloves {god gift}
 44640 | Vaults:4 | Identified the +2 pair of gloves of Plog {rElec MR+ Str+8
                  | Int-2} (Okawaru gifted it to you on level 4 of the Vaults)
 45084 | Orc:1    | Entered Level 1 of the Orcish Mines
 45184 | Orc:1    | Found Geuphous's Distillery.
 45566 | Orc:2    | Entered Level 2 of the Orcish Mines
 45566 | Orc:2    | Found Hisyff's Antique Armour Boutique.
 45740 | Orc:2    | Noticed Erolcha
 45923 | Orc:2    | Found Zegucie's Armour Shop.
 45927 | Orc:2    | Killed Erolcha
 45929 | Orc:2    | Found Rurphist's Jewellery Emporium.
 46034 | Orc:2    | Found Weimoh's Weapon Boutique.
 46061 | Orc:2    | Found a staircase to the Elven Halls.
 46513 | Elf:1    | Entered Level 1 of the Elven Halls
 46653 | Elf:1    | Found a deep blue altar of Sif Muna.
 46980 | Elf:1    | Identified Kikubaaqudgha's Volume of Evil Secrets
 47074 | Elf:1    | Noticed Kirke
 47091 | Elf:1    | Killed Kirke
 47124 | Elf:1    | Reached skill level 24 in Shields
 47383 | Elf:1    | Paralysed by a floating eye for 3 turns
 48091 | Elf:2    | Found a deep blue altar of Sif Muna.
 48131 | Elf:2    | Found Mozaes Lexef's Weapon Shoppe.
 48232 | Elf:2    | Received a gift from Okawaru
 48386 | Elf:2    | Found a runed translucent gate.
 48386 | Elf:2    | Found a runed translucent gate.
 48387 | Elf:2    | Found a runed translucent gate.
 48459 | Elf:2    | Found Piygiann's Jewellery Shop.
 48460 | Elf:2    | Found Buuneq's Gadget Emporium.
 48461 | Elf:2    | Found Vaiczitzi's Jewellery Shop.
 48596 | Elf:3    | Entered Level 3 of the Elven Halls
 48623 | Elf:3    | Found a deep blue altar of Sif Muna.
 49101 | Elf:3    | Reached XP level 22. HP: 73/150 MP: 27/27
 49516 | Elf:3    | Found Liraafud's Magic Scroll Emporium.
 50160 | Elf:3    | Identified the +1 robe "Zulam" {rF+ Slay+2}
 50160 | Elf:3    | Identified the ring of Niphah {*Drain rPois rC+ rN++
                  | Stlth+}
 50166 | Elf:3    | Received a gift from Okawaru
 50194 | Elf:3    | Gained mutation: You are weak. (Str -2) [a neqoxec]
 50232 | Elf:3    | Reached skill level 25 in Shields
 50595 | Elf:3    | Identified the ring "Ridaczur" {rF+ Int+6 Dex+3}
 50779 | Elf:3    | Got a glittering bronze ring
 50798 | Elf:3    | Identified the Reference Book on Shifting Cold
 50804 | Elf:3    | Got a shimmering jade ring
 50835 | Elf:3    | Identified the ring of the Zebra {rCorr +Fly rC- rN+ Dex+4}
                  | (You found it on level 3 of the Elven Halls)
 50836 | Elf:3    | Identified the ring "Soebb" {rPois rF+ rC- rN+ Int+4 Dex+3}
                  | (You found it on level 3 of the Elven Halls)
 50884 | Elf:3    | Reached skill level 15 in Armour
 50946 | Elf:3    | Identified Tiloda Teta's Collected Works on Torrid Arcane
                  | Weapons
 51185 | Orc:2    | Bought a glowing large shield for 217 gold pieces
 51331 | Depths:1 | Entered Level 1 of the Depths
 51386 | D:15     | Received a gift from Okawaru
 51399 | D:15     | Got a pair of steaming boots {god gift}
 51400 | D:15     | Identified the +0 pair of boots of Soff {rPois rN++}
                  | (Okawaru gifted it to you on level 15 of the Dungeon)
 51430 | Depths:1 | Found a radiant altar of Vehumet.
 51679 | Depths:1 | Found a gateway to Hell.
 51895 | Depths:1 | Noticed Boris
 52466 | Elf:2    | Bought an uncursed ring of see invisible for 255 gold
                  | pieces
 53330 | Depths:1 | Found a one-way gate to the infinite horrors of the Abyss.
 53532 | Depths:2 | Found a gateway to a ziggurat.
 53909 | Depths:1 | Reached XP level 23. HP: 96/160 MP: 28/28
 55074 | Depths:3 | Received a gift from Okawaru
 55283 | Depths:3 | Found a one-way gate leading to the halls of Pandemonium.
 55418 | Depths:3 | Received a gift from Okawaru
 55450 | Depths:3 | Got a brightly glowing hat {god gift}
 55513 | Depths:3 | Identified the +2 hat of Ylloaph {rN+ MP+9 SInv} (Okawaru
                  | gifted it to you on level 3 of the Depths)
 56182 | Depths:4 | Found a magical portal.
 57135 | Depths:4 | Noticed Sojobo
 57175 | Depths:4 | Killed Sojobo
 57660 | Depths:5 | Entered Level 5 of the Depths
 57660 | Depths:5 | Noticed a caustic shrike
 57660 | Depths:5 | Noticed a caustic shrike
 57660 | Depths:5 | Noticed a caustic shrike
 57660 | Depths:5 | Noticed a caustic shrike
 57803 | Depths:5 | Found a shattered altar of Ashenzari.
 58047 | Depths:5 | Received a gift from Okawaru
 58247 | Depths:4 | Killed a caustic shrike
 58247 | Depths:4 | Reached XP level 24. HP: 134/168 MP: 28/28
 58355 | Depths:4 | Killed a caustic shrike
 58355 | Depths:4 | Received a gift from Okawaru
 58367 | Depths:4 | Killed a caustic shrike
 58413 | Depths:4 | Killed a caustic shrike
 58727 | Depths:4 | Noticed Saint Roka
 58751 | Depths:4 | Killed Saint Roka
 59070 | Depths:5 | Reached skill level 10 in Dodging
 59140 | Depths:5 | Found a gate to the Realm of Zot.
 60257 | Vaults:5 | Entered Level 5 of the Vaults
 60524 | Vaults:4 | Received a gift from Okawaru
 60532 | Vaults:4 | Got an encrusted war axe {god gift}
 60534 | Vaults:4 | Identified the +6 war axe "Ceewagh" {drain, +Fly rPois MR-
                  | Dex+4} (Okawaru gifted it to you on level 4 of the Vaults)
 61193 | Vaults:5 | Identified the Incunabulum of Boosts
 61275 | Vaults:5 | Identified the +1 hand axe of Makhleb's Vengeance {drain,
                  | +Rage +Inv Dex+5 Stlth-}
 61275 | Vaults:5 | Identified the +7 hand axe of Bodily Harmony {freeze,
                  | Int+4}
 61754 | Vaults:5 | Got a silver rune of Zot
 61976 | Vaults:5 | Received a gift from Okawaru
 62065 | Vaults:5 | Identified the +5 hand axe "Ehidgh" {protect, rElec rPois
                  | rC- Str-2}
 62101 | Vaults:5 | Reached XP level 25. HP: 117/176 MP: 28/28
 62704 | Vaults:5 | Received a gift from Okawaru
 64176 | Zot:1    | Entered Level 1 of the Realm of Zot
 65018 | Depths:5 | Received a gift from Okawaru
 66091 | Zot:1    | Found Utzun's Changing Room.
 66105 | Zot:1    | Reached XP level 26. HP: 184/184 MP: 28/28
 66130 | Zot:1    | Received a gift from Okawaru
 66793 | Zot:2    | HP: 6/184 [green draconian knight/shard of ice (21)]
 66793 | Zot:2    | Slain by a purple draconian

Vault maps used:
D:1:      grunt_arrival_crossed_arrows, dk_noncrumbling_2, chequers_mini_garden
D:2:      cheibrodos_old_hovel, serial_forest, infiniplex_forest_clump_small,
          infiniplex_forest_diagonal, infiniplex_forest_corner_1,
          infiniplex_forest_clump_long, infiniplex_forest_corner_1,
          infiniplex_forest_pool, infiniplex_forest_zigzag_1,
          infiniplex_forest_corner_1
D:3:      first_ration, minmay_curled_crystal, st_stairs_7
D:4:      kennysheep_mini, nicolae_tso_swordbearing_angel, lemuel_round_altar,
          minmay_temple_entry_glass, gammafunk_ghost_split, nrook_mini_vaults,
          serial_park_tiny_1, uniq_natasha, uniq_eustachio
D:5:      nicolae_overflow_crystal_walls,
          chequers_temple_overflow_statue_of_worship, serial_corexii_hall,
          corexii_hall_statues_l, corexii_hall_statues_s, minmay_ogre_servants,
          uniq_prince_ribbit1
D:6:      kennysheep_slug_shrine, kennysheep_little_box, serial_shops,
          shop_statue, minmay_misc_feat_doors
D:7:      kennysheep_mini_moat, serial_shops, shop
D:8:      lemuel_round_altar, lair_entry_dummy, serial_gnoll_camp,
          gnoll_camp_mini_shop, gnoll_camp_huts_basic, gnoll_camp_mini_doghouse,
          gnoll_camp_mini_hut, gnoll_camp_medium_02, grums_kennel, serial_shops,
          shop
D:9:      enter_bailey_3
D:11:     orc_david_3, serial_ice, serial_ice_c, serial_ice_b, serial_ice_a,
          serial_ice_g, gammafunk_ghost_grave
D:12:     serial_glass, glass_columns_b, glass_columns_b,
          minmay_fractal_squares_diagonal_5
D:13:     ximxim_vaults_locker_room, serial_glass, glass_columns_b,
          glass_columns_a
D:14:     grunt_ogre_cave
D:15:     hangedman_depths_entry_try_elsewhere_first,
          hangedman_abyss_or_decor_jellyfish_corner, serial_shops,
          bzr_entry_road
Temple:   pf_slime_end_temple
Lair:1:   chequers_serial_rivers_small_b, lemuel_fruit_fields,
          grunt_megastairs_4, serial_bayou_shore_a, uniq_harold
Lair:2:   dragon1_lemuel, portal_ice_cave_entry_imps, columned_hall_lemuel,
          serial_bayou_shore_b
Lair:3:   spider_nest_entry_webs, gauntlet_entry_generic,
          infiniplex_staircase_pool_2, uniq_gastronok
Lair:4:   minmay_swamp_entry_worms
Lair:5:   regret_index_tunnel_blossom, slime_dummy,
          maelrawn_ghost_gauntlet_escape
Lair:6:   cheibrodos_lair_end_hotspot, serial_bayou_shore_b, uniq_nessos
Swamp:1:  ebering_ghost_funeral_grove, evilmike_swamp_ruin_house_1
Swamp:2:  gammafunk_ghost_cemetery, hangedman_swamp_pad
Swamp:3:  serial_swamp_ruin, evilmike_swamp_ruin_rubble_2,
          hangedman_swamp_ruin_wall
Swamp:4:  swamp_pestilence, uniq_roxanne
Spider:2: hangedman_spider_tarantella_strand, uniq_arachne
Spider:3: special_room, uniq_azrael, uniq_asterion
Spider:4: grunt_spider_rune_parallel
Orc:1:    serial_shops, shop, hangedman_minor_magic
Orc:2:    st_orc_open, nicolae_orc_flooded_monolith, uniq_erolcha
Elf:1:    basic_altar, minmay_elf_necromancy, minmay_misc_feat_rows,
          onia_ninara_cookie, uniq_kirke
Elf:2:    basic_altar, serial_shops, shop, minmay_shop_grove
Elf:3:    minmay_elf_hall_hex, serial_shops, nicolae_shop_trees, basic_altar
Vaults:1: ontoclasm_vaults_ring_square, hangedman_vaults_pinch,
          hangedman_vaults_river_flow, nicolae_vaults_diagonal_hallway_9,
          vaults_standard_mumra_x, ontoclasm_vaults_chip,
          nicolae_vaults_border_crossing, nicolae_vaults_branching_niches,
          v_pattern_1, nicolae_vaults_little_squares_6, vaults_dpeg_doors,
          vaults_room_semicircle, vaults_room_pool, vaults_dpeg_encased_lava,
          serial_shops, shop_scrolls
Vaults:2: minmay_crypt_entry_simple_walls, vaults_room_pool,
          nicolae_vaults_theta, vaults_mumra_minichess, ontoclasm_vaults_eye,
          vaults_room_grid, v_misc_13, sword_in_stone
Vaults:3: hangedman_vaults_capsules, v_pattern_3, v_misc_13, v_misc_23,
          vaults_room_large_hall, nicolae_vaults_specimen_jars, v_misc_11,
          hangedman_vaults_impose, hangedman_vaults_stretched_pinwheel,
          vaults_room_door_ring
Vaults:4: nicolae_vaults_little_squares_1, hangedman_vaults_stitches,
          hangedman_vaults_locks, ontoclasm_vaults_tryst,
          dpeg_vaults_monster_box, v_misc_30, uniq_boris
Vaults:5: serial_shops
Depths:1: roderic_nine_men_s_morris, abyss_entry, grunt_metal_band,
          minmay_misc_feat_square, kennysheep_flooded_box,
          kennysheep_another_room, grunt_ministairs_10,
          grunt_decor_mini_mirrors, chequers_serial_rivers_marsh,
          minmay_misc_feat_x, chequers_serial_rivers_small_b, st_stairs_8,
          minmay_gold_behind_fungi, nrook_kobold_shadow_demons
Depths:2: onia_ninara_swampy_vault, enter_ziggurat_e, nicolae_twisting_strands,
          hell_entry
Depths:3: minmay_the_grid_octo_triangle, rand_demon_pan_entry_9,
          kennysheep_cluttered_room, hell_entry, serial_bayou_lake_a
Depths:4: lemuel_firewalk_3, abyss_entry_small_statue_room, hell_entry,
          infiniplex_enter_wizlab_glasses, kennysheep_nondescript,
          rand_demon_pan_entry_3, uniq_saint_roka, uniq_sojobo
Depths:5: grunt_zot_entry_funnels, nicolae_ashenzari_panopticon, pf_coc_iceberg
Zot:1:    nicolae_transmutations_shop, evilmike_ambush
Zot:2:    grunt_megastairs_3
Bazaar:   bazaar_minmay_row
Bailey:   bailey_polearm_flooded_kennysheep, bailey
IceCv:    ice_cave_small_demon

Skill      XL: |  1  2  3  4  5  6  7  8  9 10 11 12 13 14 15 16 17 18 19 20 21 22 23 24 25 26 |
---------------+-------------------------------------------------------------------------------+-----
Fighting       | 3 4 6 7 8 9 10 11 12 13 14 15 16 17 18 19 21 22 23 24 | 24.1
Dodging        | 3 4 5 6 7 9 11 12 13 | 13.0
Maces & Flails | 4 5 7 8 9 10 11 13 14 15 | 15.4
Armour         | 3 6 7 9 10 11 12 13 14 16 17 19 20 | 20.7
Shields        | 3 7 10 13 15 17 18 19 21 23 24 25 | 25.0
Axes           | 5 6 |  6.7
Invocations    | 3 5 7 |  7.0
Throwing       | |  1.9

Action                   |  1- 3 |  4- 6 |  7- 9 | 10-12 | 13-15 | 16-18 | 19-21 | 22-24 | 25-27 || total
-------------------------+-------+-------+-------+-------+-------+-------+-------+-------+-------++-------
Melee: Flail             |   167 |    65 |       |       |       |       |       |       |       ||   232
       Whip              |       |    93 |   491 |   719 |       |       |       |       |       ||  1303
       Eveningstar       |       |       |       |   371 |   890 |  1963 |  1794 |  1564 |   652 ||  7234
Throw: Tomahawk          |       |       |       |     2 |     6 |     5 |       |       |       ||    13
Invok: Heroism           |       |       |       |     1 |     2 |     6 |     3 |     5 |     1 ||    18
       Finesse           |       |       |       |     1 |       |     2 |     1 |     1 |     1 ||     6
 Abil: Fly               |       |       |       |       |     2 |     1 |       |       |       ||     3
       Stop Flying       |       |       |       |       |     2 |     1 |       |       |       ||     3
Evoke: Wand              |       |       |       |     1 |     2 |    10 |     1 |     4 |       ||    18
       Lamp of fire      |       |       |       |       |     1 |     3 |       |     1 |       ||     5
       Sack of spiders   |       |       |       |       |       |     3 |     1 |       |       ||     4
       Phial of floods   |       |       |       |       |       |     2 |     1 |       |       ||     3
  Use: Potion            |       |       |     4 |     1 |     1 |     2 |       |       |       ||     8
       Scroll            |       |       |     8 |    12 |     7 |    14 |     5 |    22 |     2 ||    70
 Stab: Confused          |       |       |       |       |       |     3 |     1 |       |       ||     4
       Distracted        |       |       |       |       |       |     1 |       |       |       ||     1
       Held in net/web   |       |       |       |       |       |     1 |       |       |       ||     1
  Eat: Chunk             |     2 |     8 |    14 |    28 |    18 |    32 |    36 |    30 |     9 ||   177
       Ration            |       |       |       |     2 |     2 |     2 |     2 |     3 |     2 ||    13
Armor: Leather armour    |    88 |    57 |     2 |       |       |       |       |       |       ||   147
       Plate armour      |       |       |   309 |   751 |       |       |       |       |       ||  1060
       Fire dragon scale |       |       |       |    56 |   411 |   960 |   480 |   460 |   214 ||  2581
Dodge: Dodged            |   177 |   139 |   211 |   604 |   477 |   801 |   368 |   384 |   261 ||  3422
Block: Shield            |       |       |       |   580 |   630 |       |       |       |       ||  1210
       Large shield      |       |       |       |       |   256 |  2653 |  2060 |  2308 |  1044 ||  8321
       Reflection        |       |       |       |       |    26 |    69 |   123 |   140 |    32 ||   390

Table legend:
 A = Non-vault XP
 B = Vault XP
 C = Vault XP percentage of total XP
 D = Non-vault monster count
 E = Vault monster count
 F = Vault count percentage of total count
                 A         B        C        D         E       F
            +---------+---------+-------+---------+---------+-------
      Total |  611950 |  474108 |  43.7 |    1456 |     793 |  35.3
            +---------+---------+-------+---------+---------+-------
        D:1 |      31 |       0 |   0.0 |      18 |       0 |   0.0
        D:2 |      86 |      13 |  13.1 |      29 |       1 |   3.3
        D:3 |     287 |     116 |  28.8 |      23 |       1 |   4.2
        D:4 |     560 |     332 |  37.2 |      17 |       3 |  15.0
        D:5 |     313 |     279 |  47.1 |      12 |       9 |  42.9
        D:6 |     838 |       4 |   0.5 |      26 |       1 |   3.7
        D:7 |    1420 |      14 |   1.0 |      41 |       1 |   2.4
        D:8 |    1025 |    1308 |  56.1 |      20 |      46 |  69.7
        D:9 |    1481 |       8 |   0.5 |      24 |       4 |  14.3
       D:10 |    5623 |       0 |   0.0 |      51 |       0 |   0.0
       D:11 |    3972 |     737 |  15.7 |      16 |      11 |  40.7
       D:12 |    6134 |     804 |  11.6 |      45 |       8 |  15.1
       D:13 |    5467 |    2759 |  33.5 |      47 |      10 |  17.5
       D:14 |   13487 |     872 |   6.1 |      40 |       1 |   2.4
       D:15 |   19420 |   12036 |  38.3 |      55 |      12 |  17.9
     Lair:1 |    1527 |    1239 |  44.8 |       8 |       6 |  42.9
     Lair:2 |    3418 |    1211 |  26.2 |      19 |       9 |  32.1
     Lair:3 |   11434 |    2453 |  17.7 |      43 |       3 |   6.5
     Lair:4 |    5520 |    1467 |  21.0 |      23 |       9 |  28.1
     Lair:5 |    5885 |    7810 |  57.0 |      21 |      43 |  67.2
     Lair:6 |   10790 |    8432 |  43.9 |      35 |      30 |  46.2
    Swamp:1 |   11954 |       0 |   0.0 |      31 |       0 |   0.0
    Swamp:2 |   13267 |       0 |   0.0 |      33 |       0 |   0.0
    Swamp:3 |   20276 |       0 |   0.0 |      43 |       0 |   0.0
    Swamp:4 |   19597 |   14987 |  43.3 |      48 |      42 |  46.7
   Spider:1 |   15856 |       0 |   0.0 |      48 |       0 |   0.0
   Spider:2 |   10250 |    3651 |  26.3 |      27 |       2 |   6.9
   Spider:3 |   21274 |   14547 |  40.6 |      65 |      54 |  45.4
   Spider:4 |    2358 |   16796 |  87.7 |       5 |      31 |  86.1
      Orc:1 |    2975 |    8134 |  73.2 |      22 |      36 |  62.1
      Orc:2 |     426 |   10022 |  95.9 |       7 |      19 |  73.1
      Elf:1 |   15769 |   15121 |  49.0 |      27 |      26 |  49.1
      Elf:2 |   10402 |    7321 |  41.3 |      20 |       6 |  23.1
      Elf:3 |   14711 |   41862 |  74.0 |      27 |      31 |  53.4
   Vaults:1 |   22506 |   24789 |  52.4 |      37 |      38 |  50.7
   Vaults:2 |   36893 |   19062 |  34.1 |      53 |      19 |  26.4
   Vaults:3 |   16032 |    7266 |  31.2 |      28 |      14 |  33.3
   Vaults:4 |   26247 |   47203 |  64.3 |      45 |      44 |  49.4
   Vaults:5 |   51081 |   79518 |  60.9 |      78 |      65 |  45.5
   Depths:1 |   18839 |   13386 |  41.5 |      33 |      15 |  31.2
   Depths:2 |   22904 |   11887 |  34.2 |      35 |      16 |  31.4
   Depths:3 |   32478 |   14458 |  30.8 |      41 |      14 |  25.5
   Depths:4 |   44348 |   21925 |  33.1 |      30 |      12 |  28.6
   Depths:5 |   52555 |   51419 |  49.5 |      44 |      32 |  42.1
      Zot:1 |   20617 |    1221 |   5.6 |      11 |       1 |   8.3
      Zot:2 |    9617 |       0 |   0.0 |       5 |       0 |   0.0
     Bailey |       0 |    2310 | 100.0 |       0 |      39 | 100.0
      IceCv |       0 |    5329 | 100.0 |       0 |      29 | 100.0
            +---------+---------+-------+---------+---------+-------
